Rangers vs Senateurs

Created - 5 avril 2022 at 17:22

Goals
1 2 3 OT1 SO T
Rangers 2 2 0 0 1 5
Senateurs 2 1 1 0 0 4
Shots
1 2 3 OT1 SO T
Rangers 8 6 7 2 4 23
Senateurs 12 17 13 2 4 44

GoalsPenalties
1st period
1. Senateurs , Filip Hronek 7 (Mathew Barzal 41, Brandon Montour 39) at 0:56 (PP)
2. Rangers , Trevor Zegras 18 (Ryan Lindgren 43, Nils Hoglander 34) at 2:38
3. Rangers , Ryan Reaves 15 (Pierre-Luc Dubois 42, Marcus Johansson 32) at 6:25 (PP)
4. Senateurs , Scott Laughton 22 (Mathew Barzal 42, Jake Guentzel 24) at 15:43
Pierre-Luc Dubois (NYR) for Hooking (Minor) at 0:17
Adam Pelech (OTT) for Hooking (Minor) at 3:25
Brandon Tanev (OTT) for Hooking (Minor) at 4:50
Ryan Lindgren (NYR) for Hooking (Minor) at 7:19
2nd period
5. Senateurs , Brandon Tanev 12 (Adam Lowry 14, Jacob Trouba 30) at 1:42
6. Rangers , Ryan Lindgren 14 (Pierre-Luc Dubois 43, Jeff Skinner 28) at 12:58 (PP)
7. Rangers , Bowen Byram 9 (Ryan Reaves 18, Jeff Skinner 29) at 18:10
Brayden McNabb (OTT) for Roughing (Minor) at 11:03
3rd period
8. Senateurs , Brent Burns 17 (Patrick Kane 65, Nathan MacKinnon 60) at 10:27 (PP)
Adam Pelech (OTT) for Holding (Minor) at 0:16
Ryan Lindgren (NYR) for Holding (Minor) at 6:29
Kevin Connauton (NYR) for Tripping (Minor) at 10:07
Nathan MacKinnon (OTT) for Cross-checking (Minor) at 10:56
Dustin Brown (OTT) for High sticking (Minor) at 16:27
Overtime #1
No Goal
Shootout
Rangers, Ryan Reaves - Stopped by Jacob Markstrom
Senateurs, Patrick Kane - Stopped by Keith Kinkaid
Rangers, Pat Maroon - Stopped by Jacob Markstrom
Senateurs, Mathew Barzal - Stopped by Keith Kinkaid
Rangers, Trevor Zegras - Shot Misses the Net
Senateurs, Nathan MacKinnon - Shot Misses the Net
Rangers, Ryan Lindgren - Goal!
Senateurs, Mika Zibanejad - Stopped by Keith Kinkaid
Goalie Stats
Keith Kinkaid (NYR), 40 saves from 44 shots - (0,909), W, 11-17-3, 65:00 minutes
Jacob Markstrom (OTT), 19 saves from 23 shots - (0,826), OTL, 40-17-6, 65:00 minutes
3 StarsOfficial
1 - Ryan Reaves (NYR)
2 - Bowen Byram (NYR)
3 - Scott Laughton (OTT)
Referees : Chris Lee and Dean Morton
Linesman : Mike Cvik and Brian Mach
Game Note
Marcus Johansson is injured at 13:29 of 1st period (Left Hip)



Team Name Goals Shots Shots Attemp Shots Blocked PIM HIT PP PK FO%
Rangers 5237078312 / 6 (33%)243%
Senateurs 44479812292 / 4 (50%)257%

Rangers
Player Name POS G A P +/- PIM HIT SHT SB MP PP MP PP SHT PK MP PK SHT FO% FOT
Alex ChiassonLW/RW0000032015:042:5000:0000% 1
Bowen ByramD1011032126:215:1003:2600% 0
Dylan CoghlanD000-1001014:390:4611:0900% 0
Gabriel VilardiC0000000015:200:0001:18047% 19
Jeff SkinnerLW0221001019:544:5602:5200% 0
Joel KivirantaLW000000008:380:4600:0000% 1
Jordie BennD0000011118:100:1200:3800% 0
Kevin ConnautonD000-1220014:001:0103:0800% 0
Kyle OkposoLW/RW0000010013:160:0000:000100% 1
Kyle TurrisC/LW/RW0000001014:585:5610:00071% 14
Marcus JohanssonC/LW011000016:261:2201:34080% 5
Nils HoglanderLW/RW011-1001016:464:5100:0000% 2
Pat MaroonLW0001051120:005:4212:05013% 16
Pierre-Luc DuboisC022-1223020:326:0110:00052% 27
Ryan LindgrenD1121435222:423:4340:4000% 0
Ryan ReavesRW1121071019:296:0110:0000% 0
Samuel GirardD0000040018:250:1200:5300% 0
Trevor ZegrasC101-1004125:194:5112:05020% 15
Senateurs
Player Name POS G A P +/- PIM HIT SHT SB MP PP MP PP SHT PK MP PK SHT FO% FOT
Adam LowryC011-1013016:230:0005:04071% 21
Adam PelechD0000400218:320:0003:0500% 0
Brandon MontourD0110013021:032:2203:1200% 0
Brandon TanevLW/RW101-1223015:280:0004:091100% 1
Brayden McNabbD000-1260016:480:0004:1100% 0
Brent BurnsD1011002427:052:3525:2400% 0
Dustin BrownRW000022006:410:0000:0000% 1
Filip HronekD101-1032015:242:2220:2400% 0
Jacob TroubaD0111001023:300:0005:2800% 0
Jake GuentzelLW0111013017:412:2101:17020% 5
Mathew BarzalC0221012016:242:2110:00067% 9
Michael BuntingLW/RW000000006:420:0000:00050% 8
Mika ZibanejadC0000025019:172:3620:15057% 30
Nathan MacKinnonC/RW0110237019:012:3610:0000% 1
Nikolaj EhlersLW/RW000-1000014:222:2100:420100% 1
Patrick KaneRW0110028017:222:3610:000100% 2
Paul ByronC/LW/RW0000020011:330:0004:5100% 0
Scott LaughtonC/LW1011035220:122:3514:51050% 22

Rangers

5 vs 5 Forward
Line #Left WingCenterRight WingPHYDFOFWanted %Time %Time Play
1Trevor ZegrasPierre-Luc DuboisNils Hoglander0143325%11:09
2Jeff SkinnerMarcus JohanssonRyan Reaves0323029%12:40
3Kyle OkposoGabriel VilardiAlex Chiasson1312229%12:42
4Joel KivirantaKyle TurrisPat Maroon2211517%7:40
5 vs 5 Defense
Line #DefenseDefensePHYDFOFWanted %Time %Time Play
1Ryan LindgrenBowen Byram0234038%16:59
2Samuel GirardJordie Benn0234039%17:20
3Dylan CoghlanKevin Connauton1402022%9:52
4Bowen ByramRyan Lindgren12200%0:00
Power Play Forward
Line #Left WingCenterRight WingPHYDFOFWanted %Time %Time Play
1Nils HoglanderTrevor ZegrasPat Maroon0145043%4:39
2Marcus JohanssonPierre-Luc DuboisRyan Reaves0145057%6:13
Power Play Defense
Line #DefenseDefensePHYDFOFWanted %Time %Time Play
1Kyle TurrisBowen Byram0145055%5:56
2Jeff SkinnerRyan Lindgren0235045%4:56
Penalty Kill 4 Players Forward
Line #CenterWingPHYDFOFWanted %Time %Time Play
1Marcus JohanssonJeff Skinner0415058%2:52
2Pat MaroonTrevor Zegras0415042%2:05
Penalty Kill 4 Players Defense
Line #DefenseDefensePHYDFOFWanted %Time %Time Play
1Ryan LindgrenBowen Byram0325082%4:04
2Kevin ConnautonSamuel Girard0415018%0:53
Penalty Kill 3 Players
Line #WingPHYDFOFWanted %Time %Time PlayDefenseDefensePHYDFOFWanted %Time %Time Play
1Marcus Johansson140500%0:00 Bowen ByramRyan Lindgren140500%0:00
2Pat Maroon140500%0:00 Kevin ConnautonJordie Benn140500%0:00
4 vs 4 Forward
Line #CenterWingPHYDFOFWanted %Time %Time Play
1Trevor ZegrasRyan Reaves023500%0:00
2Marcus JohanssonPat Maroon023500%0:00
4 vs 4 Defense
Line #DefensePHYDFOFWanted %Time %Time Play
1Jordie BennKevin Connauton023500%0:00
2Ryan LindgrenBowen Byram032500%0:00
Last Minutes Offensive
Left WingCenterRight WingDefenseDefense
Nils HoglanderPierre-Luc DuboisJeff SkinnerTrevor ZegrasKevin Connauton
Last Minutes Defensive
Left WingCenterRight WingDefenseDefense
Pierre-Luc DuboisMarcus JohanssonRyan ReavesRyan LindgrenJordie Benn
Time
Total ForwardTotal DefenseLast Minutes OffensiveLast Minutes Defensive
60:00 60:00 0:000:00
Extra Forwards
Normal PowerPlayPenalty Kill
Trevor Zegras, Marcus Johansson, Pat MaroonMarcus Johansson, Pat MaroonMarcus Johansson
Extra Defensemen
Normal PowerPlayPenalty Kill
Ryan Lindgren, Kevin Connauton, Bowen ByramRyan Lindgren, Ryan LindgrenBowen Byram
Penalty Shots
Ryan Reaves, Pat Maroon, Trevor Zegras, Marcus Johansson, Ryan Lindgren
Goalie
Keith Kinkaid, Igor Shesterkin
Custom OT Lines Forwards
Pierre-Luc Dubois, Trevor Zegras, Ryan Reaves, Kyle Turris, Nils Hoglander, Marcus Johansson, Pat Maroon, Joel Kiviranta, Alex Chiasson, Jeff Skinner
Custom OT Lines Defensemen
Dylan Coghlan, Ryan Lindgren, Bowen Byram, Samuel Girard, Kevin Connauton
Scratches
Wayne Simmonds (Healthy), Alexandre Carrier (Healthy)

Senateurs

5 vs 5 Forward
Line #Left WingCenterRight WingPHYDFOFWanted %Time %Time Play
1Patrick KaneMika ZibanejadNathan MacKinnon0233132%14:05
2Jake GuentzelScott LaughtonMathew Barzal0232827%12:05
3Nikolaj EhlersAdam LowryBrandon Tanev0232526%11:19
4Paul ByronMichael BuntingDustin Brown0321615%6:42
5 vs 5 Defense
Line #DefenseDefensePHYDFOFWanted %Time %Time Play
1Jacob TroubaBrent Burns0323534%15:13
2Adam PelechBrandon Montour0323235%15:29
3Brayden McNabbFilip Hronek1312929%12:38
4Brent BurnsJacob Trouba04142%0:51
Power Play Forward
Line #Left WingCenterRight WingPHYDFOFWanted %Time %Time Play
1Patrick KaneMika ZibanejadNathan MacKinnon0055653%2:36
2Nikolaj EhlersMathew BarzalJake Guentzel0054447%2:21
Power Play Defense
Line #DefenseDefensePHYDFOFWanted %Time %Time Play
1Brent BurnsScott Laughton0145352%2:35
2Filip HronekBrandon Montour0144748%2:22
Penalty Kill 4 Players Forward
Line #CenterWingPHYDFOFWanted %Time %Time Play
1Adam LowryBrandon Tanev1405353%5:27
2Scott LaughtonPaul Byron1404747%4:51
Penalty Kill 4 Players Defense
Line #DefenseDefensePHYDFOFWanted %Time %Time Play
1Adam PelechJacob Trouba1405649%5:03
2Brayden McNabbBrent Burns1404451%5:15
Penalty Kill 3 Players
Line #WingPHYDFOFWanted %Time %Time PlayDefenseDefensePHYDFOFWanted %Time %Time Play
1Adam Lowry1405056%0:19 Adam PelechJacob Trouba1405674%0:25
2Mika Zibanejad1405044%0:15 Brayden McNabbBrent Burns1404426%0:09
4 vs 4 Forward
Line #CenterWingPHYDFOFWanted %Time %Time Play
1Mika ZibanejadNathan MacKinnon014580%0:00
2Mathew BarzalPatrick Kane014420%0:00
4 vs 4 Defense
Line #DefensePHYDFOFWanted %Time %Time Play
1Brent BurnsJacob Trouba032500%0:00
2Adam PelechBrandon Montour032500%0:00
Last Minutes Offensive
Left WingCenterRight WingDefenseDefense
Jake GuentzelMika ZibanejadNathan MacKinnonBrent BurnsBrayden McNabb
Last Minutes Defensive
Left WingCenterRight WingDefenseDefense
Brandon TanevAdam LowryScott LaughtonAdam PelechJacob Trouba
Time
Total ForwardTotal DefenseLast Minutes OffensiveLast Minutes Defensive
60:00 60:00 0:000:00
Extra Forwards
Normal PowerPlayPenalty Kill
Nikolaj Ehlers, Jake Guentzel, Mathew BarzalJake Guentzel, Nathan MacKinnonJake Guentzel
Extra Defensemen
Normal PowerPlayPenalty Kill
Brent Burns, Brandon Montour, Filip HronekJacob Trouba, Brandon MontourFilip Hronek
Penalty Shots
Patrick Kane, Mathew Barzal, Nathan MacKinnon, Mika Zibanejad, Jake Guentzel
Goalie
Jacob Markstrom, Brian Elliott
Custom OT Lines Forwards
Mika Zibanejad, Nathan MacKinnon, Mathew Barzal, Jake Guentzel, Scott Laughton, Patrick Kane, Nikolaj Ehlers, Dustin Brown, Brandon Tanev, Paul Byron
Custom OT Lines Defensemen
Brent Burns, Jacob Trouba, Brayden McNabb, Brandon Montour, Adam Pelech
Scratches
Nate Thompson (Healthy), Matt Benning (Healthy)


Play-by-Play

1st period


0:01 of 1st period - Mika Zibanejad wins face-off versus Trevor Zegras in neutral zone.
0:01 of 1st period - Nathan MacKinnon is hit by Pierre-Luc Dubois and loses puck.
0:17 of 1st period - Minor Penalty to Pierre-Luc Dubois for Hooking.
0:18 of 1st period - Marcus Johansson wins face-off versus Mathew Barzal in Rangers zone.
0:48 of 1st period - Icing by Nikolaj Ehlers.
0:49 of 1st period - Mathew Barzal wins face-off versus Marcus Johansson in Senateurs zone.
0:56 of 1st period - Shot by Filip Hronek.
0:56 of 1st period - Goal by Filip Hronek - Rangers : 0 - Senateurs : 1.
0:57 of 1st period - Marcus Johansson wins face-off versus Dustin Brown in neutral zone.
1:36 of 1st period - Paul Byron is hit by Ryan Reaves and loses puck.
2:00 of 1st period - Off-side.
2:01 of 1st period - Pierre-Luc Dubois wins face-off versus Adam Lowry in neutral zone.
2:15 of 1st period - Trevor Zegras is hit by Filip Hronek and loses puck.
2:28 of 1st period - Shot by Nils Hoglander.
2:28 of 1st period - Shot Misses the Net.
2:30 of 1st period - Shot by Bowen Byram.
2:30 of 1st period - Stopped by Jacob Markstrom with a rebound.
2:32 of 1st period - Shot by Ryan Lindgren.
2:32 of 1st period - Deflect By Pierre-Luc Dubois.
2:32 of 1st period - Shot Misses the Net.
2:34 of 1st period - Shot by Nils Hoglander.
2:34 of 1st period - Shot Misses the Net.
2:38 of 1st period - Shot by Trevor Zegras.
2:38 of 1st period - Goal by Trevor Zegras - Rangers : 1 - Senateurs : 1.
2:39 of 1st period - Gabriel Vilardi wins face-off versus Jake Guentzel in neutral zone.
2:42 of 1st period - Brandon Montour is hit by Kyle Okposo and loses puck.
2:47 of 1st period - Shot by Alex Chiasson.
2:47 of 1st period - Stopped by Jacob Markstrom without a rebound.
2:48 of 1st period - Kyle Turris wins face-off versus Mika Zibanejad in Senateurs zone.
2:49 of 1st period - Shot by Kevin Connauton.
2:49 of 1st period - Deflect By Joel Kiviranta.
2:49 of 1st period - Shot Misses the Net.
2:55 of 1st period - Shot by Patrick Kane.
2:55 of 1st period - Shot Misses the Net.
2:57 of 1st period - Shot by Mika Zibanejad.
2:57 of 1st period - Deflect By Patrick Kane.
2:57 of 1st period - Stopped by Keith Kinkaid without a rebound.
2:58 of 1st period - Scott Laughton wins face-off versus Gabriel Vilardi in Rangers zone.
3:20 of 1st period - Shot by Kyle Okposo.
3:20 of 1st period - Shot Misses the Net.
3:22 of 1st period - Shot by Gabriel Vilardi.
3:22 of 1st period - Shot Misses the Net.
3:25 of 1st period - Minor Penalty to Adam Pelech for Hooking.
3:26 of 1st period - Adam Lowry wins face-off versus Trevor Zegras in Senateurs zone.
3:26 of 1st period - Adam Lowry is hit by Pat Maroon.
3:38 of 1st period - Shot by Kyle Turris.
3:38 of 1st period - Shot Misses the Net.
3:42 of 1st period - Shot by Trevor Zegras.
3:42 of 1st period - Stopped by Jacob Markstrom without a rebound.
3:43 of 1st period - Pierre-Luc Dubois wins face-off versus Scott Laughton in Senateurs zone.
3:44 of 1st period - Shot by Jeff Skinner.
3:44 of 1st period - Shot Blocked by Scott Laughton.
4:10 of 1st period - Shot by Pierre-Luc Dubois.
4:10 of 1st period - Stopped by Jacob Markstrom without a rebound.
4:11 of 1st period - Trevor Zegras wins face-off versus Scott Laughton in Senateurs zone.
4:12 of 1st period - Shot by Bowen Byram.
4:12 of 1st period - Shot Blocked by Brent Burns.
4:14 of 1st period - Shot by Trevor Zegras.
4:14 of 1st period - Deflect By Nils Hoglander.
4:14 of 1st period - Shot Misses the Net.
4:16 of 1st period - Shot by Nils Hoglander.
4:16 of 1st period - Shot Blocked by Brent Burns.
4:18 of 1st period - Shot by Nils Hoglander.
4:18 of 1st period - Shot Misses the Net.
4:20 of 1st period - Shot by Kyle Turris.
4:20 of 1st period - Shot Misses the Net.
4:22 of 1st period - Shot by Trevor Zegras.
4:22 of 1st period - Shot Blocked by Brent Burns.
4:30 of 1st period - Shot by Bowen Byram.
4:30 of 1st period - Shot Misses the Net.
4:41 of 1st period - Icing by Pat Maroon.
4:42 of 1st period - Adam Lowry wins face-off versus Trevor Zegras in Rangers zone.
4:50 of 1st period - Minor Penalty to Brandon Tanev for Hooking.
4:51 of 1st period - Pierre-Luc Dubois wins face-off versus Mika Zibanejad in Senateurs zone.
4:56 of 1st period - Shot by Ryan Lindgren.
4:56 of 1st period - Stopped by Jacob Markstrom without a rebound.
4:57 of 1st period - Adam Lowry wins face-off versus Pierre-Luc Dubois in Senateurs zone.
5:09 of 1st period - Off-side.
5:10 of 1st period - Adam Lowry wins face-off versus Nils Hoglander in neutral zone.
5:36 of 1st period - Shot by Bowen Byram.
5:36 of 1st period - Shot Misses the Net.
5:48 of 1st period - Shot by Pat Maroon.
5:48 of 1st period - Shot Misses the Net.
5:50 of 1st period - Shot by Pat Maroon.
5:50 of 1st period - Stopped by Jacob Markstrom without a rebound.
5:51 of 1st period - Adam Lowry wins face-off versus Pierre-Luc Dubois in Senateurs zone.
6:08 of 1st period - Shot by Ryan Lindgren.
6:08 of 1st period - Deflect By Marcus Johansson.
6:08 of 1st period - Shot Misses the Net.
6:25 of 1st period - Shot by Ryan Reaves.
6:25 of 1st period - Goal by Ryan Reaves - Rangers : 2 - Senateurs : 1.
6:26 of 1st period - Gabriel Vilardi wins face-off versus Mika Zibanejad in neutral zone.
6:26 of 1st period - Samuel Girard is hit by Nathan MacKinnon and loses puck.
6:49 of 1st period - Shot by Patrick Kane.
6:49 of 1st period - Stopped by Keith Kinkaid without a rebound.
6:50 of 1st period - Kyle Turris wins face-off versus Scott Laughton in Rangers zone.
6:50 of 1st period - Kyle Turris is hit by Jake Guentzel.
6:55 of 1st period - Off-side.
6:56 of 1st period - Adam Lowry wins face-off versus Pierre-Luc Dubois in neutral zone.
7:14 of 1st period - Nikolaj Ehlers is hit by Ryan Lindgren and loses puck.
7:19 of 1st period - Shot by Adam Lowry.
7:19 of 1st period - Stopped by Keith Kinkaid without a rebound.
7:19 of 1st period - Minor Penalty to Ryan Lindgren for Hooking.
7:20 of 1st period - Marcus Johansson wins face-off versus Mika Zibanejad in Rangers zone.
7:20 of 1st period - Marcus Johansson is hit by Nathan MacKinnon.
7:38 of 1st period - Icing by Mika Zibanejad.
7:39 of 1st period - Marcus Johansson wins face-off versus Mika Zibanejad in Senateurs zone.
7:40 of 1st period - Shot by Jeff Skinner.
7:40 of 1st period - Shot Misses the Net.
7:46 of 1st period - Bowen Byram is hit by Patrick Kane and loses puck.
7:59 of 1st period - Shot by Mika Zibanejad.
7:59 of 1st period - Shot Misses the Net.
8:01 of 1st period - Shot by Mika Zibanejad.
8:01 of 1st period - Stopped by Keith Kinkaid with a rebound.
8:15 of 1st period - Shot by Patrick Kane.
8:15 of 1st period - Stopped by Keith Kinkaid with a rebound.
8:42 of 1st period - Shot by Scott Laughton.
8:42 of 1st period - Stopped by Keith Kinkaid without a rebound.
8:43 of 1st period - Pat Maroon wins face-off versus Mathew Barzal in Rangers zone.
9:28 of 1st period - Icing by Brandon Montour.
9:29 of 1st period - Michael Bunting wins face-off versus Gabriel Vilardi in Senateurs zone.
9:29 of 1st period - Michael Bunting is hit by Alex Chiasson.
9:34 of 1st period - Brandon Montour is hit by Alex Chiasson and loses puck.
10:12 of 1st period - Brandon Montour is hit by Bowen Byram and loses puck.
10:44 of 1st period - Gabriel Vilardi is hit by Filip Hronek and loses puck.
11:20 of 1st period - Jacob Trouba is hit by Ryan Reaves and loses puck.
11:45 of 1st period - Jacob Trouba is hit by Ryan Reaves.
12:12 of 1st period - Marcus Johansson is hit by Brandon Montour and loses puck.
12:33 of 1st period - Shot by Adam Lowry.
12:33 of 1st period - Stopped by Keith Kinkaid with a rebound.
12:35 of 1st period - Shot by Brandon Tanev.
12:35 of 1st period - Shot Misses the Net.
12:55 of 1st period - Michael Bunting is hit by Ryan Reaves and loses puck.
13:27 of 1st period - Shot by Michael Bunting.
13:27 of 1st period - Shot Misses the Net.
13:29 of 1st period - Shot by Brayden McNabb.
13:29 of 1st period - Shot Blocked by Marcus Johansson.
13:29 of 1st period - Marcus Johansson from Rangers is injured at 13:29 of 1st period (Left Hip).
13:30 of 1st period - Mika Zibanejad wins face-off versus Pierre-Luc Dubois in Rangers zone.
14:05 of 1st period - Shot by Nathan MacKinnon.
14:05 of 1st period - Stopped by Keith Kinkaid without a rebound.
14:06 of 1st period - Kyle Turris wins face-off versus Scott Laughton in Rangers zone.
14:08 of 1st period - Icing by Ryan Lindgren.
14:09 of 1st period - Kyle Turris wins face-off versus Scott Laughton in Rangers zone.
14:09 of 1st period - Kyle Turris is hit by Scott Laughton.
14:36 of 1st period - Icing by Ryan Lindgren.
14:37 of 1st period - Kyle Turris wins face-off versus Mika Zibanejad in Rangers zone.
14:37 of 1st period - Kyle Turris is hit by Mika Zibanejad.
15:13 of 1st period - Shot by Patrick Kane.
15:13 of 1st period - Stopped by Keith Kinkaid without a rebound.
15:14 of 1st period - Pierre-Luc Dubois wins face-off versus Scott Laughton in Rangers zone.
15:25 of 1st period - Shot by Nils Hoglander.
15:25 of 1st period - Shot Blocked by Scott Laughton.
15:40 of 1st period - Mathew Barzal is hit by Kevin Connauton and loses puck.
15:43 of 1st period - Shot by Scott Laughton.
15:43 of 1st period - Goal by Scott Laughton - Rangers : 2 - Senateurs : 2.
15:44 of 1st period - Nikolaj Ehlers wins face-off versus Gabriel Vilardi in neutral zone.
17:20 of 1st period - Icing by Dylan Coghlan.
17:21 of 1st period - Pierre-Luc Dubois wins face-off versus Scott Laughton in Rangers zone.
17:57 of 1st period - Shot by Jeff Skinner.
17:57 of 1st period - Shot Misses the Net.
18:02 of 1st period - Mathew Barzal is hit by Samuel Girard and loses puck.
18:19 of 1st period - Adam Pelech is hit by Pat Maroon and loses puck.
18:25 of 1st period - Brandon Tanev is hit by Samuel Girard and loses puck.
18:32 of 1st period - Shot by Brandon Montour.
18:32 of 1st period - Stopped by Keith Kinkaid without a rebound.
18:33 of 1st period - Mika Zibanejad wins face-off versus Gabriel Vilardi in Rangers zone.
19:09 of 1st period - Icing by Brent Burns.
19:10 of 1st period - Mika Zibanejad wins face-off versus Pierre-Luc Dubois in Senateurs zone.
19:38 of 1st period - Brandon Montour is hit by Pierre-Luc Dubois and loses puck.
19:59 of 1st period - Shot by Scott Laughton.
19:59 of 1st period - Shot Blocked by Trevor Zegras.
Goals for this period are 2 for Rangers vs 2 for Senateurs.
Shots for this period are 8 for Rangers vs 12 for Senateurs.

2nd period


0:01 of 2nd period - Adam Lowry wins face-off versus Pierre-Luc Dubois in neutral zone.
0:16 of 2nd period - Shot by Jacob Trouba.
0:16 of 2nd period - Stopped by Keith Kinkaid with a rebound.
0:18 of 2nd period - Shot by Adam Lowry.
0:18 of 2nd period - Stopped by Keith Kinkaid without a rebound.
0:19 of 2nd period - Kyle Turris wins face-off versus Jake Guentzel in Rangers zone.
0:26 of 2nd period - Shot by Jordie Benn.
0:26 of 2nd period - Shot Misses the Net.
0:58 of 2nd period - Shot by Mathew Barzal.
0:58 of 2nd period - Shot Misses the Net.
1:40 of 2nd period - Shot by Adam Lowry.
1:40 of 2nd period - Shot Misses the Net.
1:42 of 2nd period - Shot by Brandon Tanev.
1:42 of 2nd period - Goal by Brandon Tanev - Rangers : 2 - Senateurs : 3.
1:43 of 2nd period - Mika Zibanejad wins face-off versus Trevor Zegras in neutral zone.
1:51 of 2nd period - Shot by Mika Zibanejad.
1:51 of 2nd period - Shot Misses the Net.
1:53 of 2nd period - Shot by Mika Zibanejad.
1:53 of 2nd period - Stopped by Keith Kinkaid without a rebound.
1:54 of 2nd period - Michael Bunting wins face-off versus Gabriel Vilardi in Rangers zone.
2:01 of 2nd period - Shot by Brandon Montour.
2:01 of 2nd period - Stopped by Keith Kinkaid without a rebound.
2:02 of 2nd period - Mika Zibanejad wins face-off versus Pierre-Luc Dubois in Rangers zone.
2:27 of 2nd period - Shot by Mika Zibanejad.
2:27 of 2nd period - Deflect By Patrick Kane.
2:27 of 2nd period - Shot Misses the Net.
2:35 of 2nd period - Shot by Mika Zibanejad.
2:35 of 2nd period - Shot Misses the Net.
3:03 of 2nd period - Shot by Brandon Tanev.
3:03 of 2nd period - Shot Blocked by Ryan Lindgren.
3:15 of 2nd period - Shot by Brandon Tanev.
3:15 of 2nd period - Shot Misses the Net.
3:17 of 2nd period - Shot by Brandon Tanev.
3:17 of 2nd period - Stopped by Keith Kinkaid without a rebound.
3:18 of 2nd period - Scott Laughton wins face-off versus Pat Maroon in Rangers zone.
3:21 of 2nd period - Shot by Jake Guentzel.
3:21 of 2nd period - Stopped by Keith Kinkaid without a rebound.
3:22 of 2nd period - Scott Laughton wins face-off versus Pat Maroon in Rangers zone.
3:33 of 2nd period - Shot by Jake Guentzel.
3:33 of 2nd period - Stopped by Keith Kinkaid with a rebound.
3:51 of 2nd period - Samuel Girard is hit by Scott Laughton and loses puck.
4:43 of 2nd period - Shot by Alex Chiasson.
4:43 of 2nd period - Stopped by Jacob Markstrom without a rebound.
4:44 of 2nd period - Pierre-Luc Dubois wins face-off versus Nathan MacKinnon in Senateurs zone.
4:53 of 2nd period - Pierre-Luc Dubois is hit by Nathan MacKinnon and loses puck.
5:21 of 2nd period - Trevor Zegras is hit by Mika Zibanejad and loses puck.
5:49 of 2nd period - Shot by Brandon Montour.
5:49 of 2nd period - Stopped by Keith Kinkaid without a rebound.
5:50 of 2nd period - Pat Maroon wins face-off versus Michael Bunting in Rangers zone.
5:50 of 2nd period - Pat Maroon is hit by Dustin Brown.
7:05 of 2nd period - Brandon Tanev is hit by Kevin Connauton and loses puck.
7:18 of 2nd period - Shot by Nikolaj Ehlers.
7:18 of 2nd period - Shot Misses the Net.
7:44 of 2nd period - Shot by Mika Zibanejad.
7:44 of 2nd period - Shot Misses the Net.
7:48 of 2nd period - Shot by Patrick Kane.
7:48 of 2nd period - Deflect By Mika Zibanejad.
7:48 of 2nd period - Stopped by Keith Kinkaid without a rebound.
7:49 of 2nd period - Pierre-Luc Dubois wins face-off versus Scott Laughton in Rangers zone.
8:17 of 2nd period - Shot by Jake Guentzel.
8:17 of 2nd period - Shot Hit the Post.
8:19 of 2nd period - Shot by Scott Laughton.
8:19 of 2nd period - Shot Blocked by Bowen Byram.
8:23 of 2nd period - Shot by Scott Laughton.
8:23 of 2nd period - Stopped by Keith Kinkaid without a rebound.
8:24 of 2nd period - Mika Zibanejad wins face-off versus Pat Maroon in Rangers zone.
8:38 of 2nd period - Nathan MacKinnon is hit by Jordie Benn and loses puck.
8:41 of 2nd period - Shot by Brayden McNabb.
8:41 of 2nd period - Shot Misses the Net.
8:43 of 2nd period - Shot by Mika Zibanejad.
8:43 of 2nd period - Stopped by Keith Kinkaid without a rebound.
8:44 of 2nd period - Adam Lowry wins face-off versus Kyle Turris in Rangers zone.
8:51 of 2nd period - Shot by Brandon Tanev.
8:51 of 2nd period - Shot Misses the Net.
9:12 of 2nd period - Brandon Montour is hit by Ryan Lindgren and loses puck.
9:27 of 2nd period - Ryan Lindgren is hit by Adam Lowry and loses puck.
9:46 of 2nd period - Jacob Trouba is hit by Pat Maroon and loses puck.
9:57 of 2nd period - Shot by Ryan Reaves.
9:57 of 2nd period - Shot Misses the Net.
10:33 of 2nd period - Shot by Trevor Zegras.
10:33 of 2nd period - Stopped by Jacob Markstrom without a rebound.
10:34 of 2nd period - Kyle Okposo wins face-off versus Jake Guentzel in Senateurs zone.
10:57 of 2nd period - Dylan Coghlan is hit by Brayden McNabb and loses puck.
11:03 of 2nd period - Minor Penalty to Brayden McNabb for Roughing.
11:04 of 2nd period - Adam Lowry wins face-off versus Pierre-Luc Dubois in Senateurs zone.
11:04 of 2nd period - Adam Pelech is hit by Ryan Reaves and loses puck.
11:23 of 2nd period - Shot by Ryan Lindgren.
11:23 of 2nd period - Shot Misses the Net.
11:25 of 2nd period - Shot by Ryan Lindgren.
11:25 of 2nd period - Shot Misses the Net.
11:27 of 2nd period - Shot by Ryan Lindgren.
11:27 of 2nd period - Stopped by Jacob Markstrom with a rebound.
11:45 of 2nd period - Icing by Trevor Zegras.
11:46 of 2nd period - Scott Laughton wins face-off versus Trevor Zegras in Rangers zone.
11:56 of 2nd period - Off-side.
11:57 of 2nd period - Scott Laughton wins face-off versus Trevor Zegras in neutral zone.
12:14 of 2nd period - Shot by Nils Hoglander.
12:14 of 2nd period - Shot Misses the Net.
12:16 of 2nd period - Shot by Bowen Byram.
12:16 of 2nd period - Shot Misses the Net.
12:28 of 2nd period - Shot by Bowen Byram.
12:28 of 2nd period - Shot Misses the Net.
12:50 of 2nd period - Shot by Jeff Skinner.
12:50 of 2nd period - Shot Blocked by Brent Burns.
12:56 of 2nd period - Shot by Pierre-Luc Dubois.
12:56 of 2nd period - Shot Misses the Net.
12:58 of 2nd period - Shot by Ryan Lindgren.
12:58 of 2nd period - Goal by Ryan Lindgren - Rangers : 3 - Senateurs : 3.
12:59 of 2nd period - Gabriel Vilardi wins face-off versus Mika Zibanejad in neutral zone.
13:07 of 2nd period - Jeff Skinner is hit by Brayden McNabb and loses puck.
14:05 of 2nd period - Shot by Trevor Zegras.
14:05 of 2nd period - Shot Misses the Net.
14:32 of 2nd period - Nils Hoglander is hit by Brandon Tanev and loses puck.
15:07 of 2nd period - Jacob Trouba is hit by Pat Maroon and loses puck.
15:33 of 2nd period - Shot by Scott Laughton.
15:33 of 2nd period - Stopped by Keith Kinkaid without a rebound.
15:34 of 2nd period - Michael Bunting wins face-off versus Gabriel Vilardi in Rangers zone.
15:46 of 2nd period - Icing by Samuel Girard.
15:47 of 2nd period - Gabriel Vilardi wins face-off versus Jake Guentzel in Rangers zone.
17:49 of 2nd period - Shot by Nathan MacKinnon.
17:49 of 2nd period - Stopped by Keith Kinkaid without a rebound.
17:50 of 2nd period - Adam Lowry wins face-off versus Pat Maroon in Rangers zone.
17:50 of 2nd period - Adam Lowry is hit by Ryan Lindgren.
17:52 of 2nd period - Shot by Nikolaj Ehlers.
17:52 of 2nd period - Shot Misses the Net.
18:08 of 2nd period - Shot by Ryan Reaves.
18:08 of 2nd period - Shot Misses the Net.
18:10 of 2nd period - Shot by Bowen Byram.
18:10 of 2nd period - Goal by Bowen Byram - Rangers : 4 - Senateurs : 3.
18:11 of 2nd period - Jake Guentzel wins face-off versus Gabriel Vilardi in neutral zone.
18:14 of 2nd period - Shot by Scott Laughton.
18:14 of 2nd period - Shot Misses the Net.
18:24 of 2nd period - Shot by Scott Laughton.
18:24 of 2nd period - Stopped by Keith Kinkaid without a rebound.
18:25 of 2nd period - Mika Zibanejad wins face-off versus Pat Maroon in Rangers zone.
18:42 of 2nd period - Shot by Nathan MacKinnon.
18:42 of 2nd period - Stopped by Keith Kinkaid without a rebound.
18:43 of 2nd period - Gabriel Vilardi wins face-off versus Scott Laughton in Rangers zone.
19:05 of 2nd period - Icing by Samuel Girard.
19:06 of 2nd period - Gabriel Vilardi wins face-off versus Adam Lowry in Rangers zone.
19:06 of 2nd period - Gabriel Vilardi is hit by Brandon Tanev.
19:14 of 2nd period - Shot by Jordie Benn.
19:14 of 2nd period - Stopped by Jacob Markstrom without a rebound.
19:15 of 2nd period - Trevor Zegras wins face-off versus Mika Zibanejad in Senateurs zone.
19:26 of 2nd period - Shot by Nathan MacKinnon.
19:26 of 2nd period - Stopped by Keith Kinkaid without a rebound.
19:27 of 2nd period - Scott Laughton wins face-off versus Joel Kiviranta in Rangers zone.
Goals for this period are 2 for Rangers vs 1 for Senateurs.
Shots for this period are 6 for Rangers vs 17 for Senateurs.

3rd period


0:01 of 3rd period - Pierre-Luc Dubois wins face-off versus Adam Lowry in neutral zone.
0:14 of 3rd period - Shot by Pierre-Luc Dubois.
0:14 of 3rd period - Shot Blocked by Adam Pelech.
0:16 of 3rd period - Shot by Pierre-Luc Dubois.
0:16 of 3rd period - Stopped by Jacob Markstrom without a rebound.
0:16 of 3rd period - Minor Penalty to Adam Pelech for Holding.
0:17 of 3rd period - Brandon Tanev wins face-off versus Pat Maroon in Senateurs zone.
0:17 of 3rd period - Brandon Tanev is hit by Ryan Reaves.
1:40 of 3rd period - Icing by Jeff Skinner.
1:41 of 3rd period - Adam Lowry wins face-off versus Trevor Zegras in Rangers zone.
1:46 of 3rd period - Shot by Brandon Tanev.
1:46 of 3rd period - Stopped by Keith Kinkaid without a rebound.
1:47 of 3rd period - Adam Lowry wins face-off versus Pierre-Luc Dubois in Rangers zone.
2:18 of 3rd period - Samuel Girard is hit by Brayden McNabb.
2:19 of 3rd period - Icing by Samuel Girard.
2:20 of 3rd period - Mika Zibanejad wins face-off versus Gabriel Vilardi in Rangers zone.
2:51 of 3rd period - Shot by Nathan MacKinnon.
2:51 of 3rd period - Stopped by Keith Kinkaid without a rebound.
2:52 of 3rd period - Trevor Zegras wins face-off versus Scott Laughton in Rangers zone.
2:52 of 3rd period - Trevor Zegras is hit by Scott Laughton.
3:12 of 3rd period - Shot by Mathew Barzal.
3:12 of 3rd period - Deflect By Jake Guentzel.
3:12 of 3rd period - Shot Misses the Net.
3:22 of 3rd period - Shot by Mathew Barzal.
3:22 of 3rd period - Shot Blocked by Ryan Lindgren.
3:37 of 3rd period - Icing by Ryan Reaves.
3:38 of 3rd period - Adam Lowry wins face-off versus Trevor Zegras in Rangers zone.
3:59 of 3rd period - Shot by Adam Pelech.
3:59 of 3rd period - Shot Misses the Net.
4:02 of 3rd period - Adam Lowry is hit by Samuel Girard and loses puck.
4:12 of 3rd period - Adam Lowry is hit by Samuel Girard.
4:38 of 3rd period - Shot by Patrick Kane.
4:38 of 3rd period - Stopped by Keith Kinkaid with a rebound.
5:02 of 3rd period - Shot by Patrick Kane.
5:02 of 3rd period - Stopped by Keith Kinkaid without a rebound.
5:03 of 3rd period - Pierre-Luc Dubois wins face-off versus Michael Bunting in Rangers zone.
5:03 of 3rd period - Dylan Coghlan is hit by Dustin Brown and loses puck.
5:14 of 3rd period - Shot by Trevor Zegras.
5:14 of 3rd period - Shot Misses the Net.
5:16 of 3rd period - Shot by Pierre-Luc Dubois.
5:16 of 3rd period - Shot Misses the Net.
5:18 of 3rd period - Shot by Nils Hoglander.
5:18 of 3rd period - Stopped by Jacob Markstrom without a rebound.
5:19 of 3rd period - Scott Laughton wins face-off versus Trevor Zegras in Senateurs zone.
5:19 of 3rd period - Scott Laughton is hit by Ryan Reaves.
5:35 of 3rd period - Shot by Trevor Zegras.
5:35 of 3rd period - Shot Misses the Net.
5:37 of 3rd period - Shot by Jeff Skinner.
5:37 of 3rd period - Stopped by Jacob Markstrom without a rebound.
5:38 of 3rd period - Gabriel Vilardi wins face-off versus Michael Bunting in Senateurs zone.
5:38 of 3rd period - Gabriel Vilardi is hit by Brayden McNabb.
5:42 of 3rd period - Shot by Alex Chiasson.
5:42 of 3rd period - Shot Misses the Net.
5:51 of 3rd period - Gabriel Vilardi is hit by Brayden McNabb and loses puck.
5:57 of 3rd period - Kyle Okposo is hit by Brayden McNabb and loses puck.
6:13 of 3rd period - Kyle Okposo is hit by Filip Hronek and loses puck.
6:18 of 3rd period - Shot by Kyle Okposo.
6:18 of 3rd period - Shot Misses the Net.
6:29 of 3rd period - Minor Penalty to Ryan Lindgren for Holding.
6:30 of 3rd period - Patrick Kane wins face-off versus Pat Maroon in Rangers zone.
6:33 of 3rd period - Shot by Patrick Kane.
6:33 of 3rd period - Shot Hit the Post.
6:35 of 3rd period - Shot by Mika Zibanejad.
6:35 of 3rd period - Stopped by Keith Kinkaid without a rebound.
6:36 of 3rd period - Mika Zibanejad wins face-off versus Pat Maroon in Rangers zone.
6:39 of 3rd period - Shot by Nathan MacKinnon.
6:39 of 3rd period - Stopped by Keith Kinkaid without a rebound.
6:40 of 3rd period - Patrick Kane wins face-off versus Pat Maroon in Rangers zone.
6:40 of 3rd period - Mika Zibanejad is hit by Bowen Byram and loses puck.
6:43 of 3rd period - Shot by Brent Burns.
6:43 of 3rd period - Stopped by Keith Kinkaid without a rebound.
6:44 of 3rd period - Mika Zibanejad wins face-off versus Pat Maroon in Rangers zone.
6:47 of 3rd period - Shot by Nathan MacKinnon.
6:47 of 3rd period - Shot Misses the Net.
7:40 of 3rd period - Icing by Nikolaj Ehlers.
7:41 of 3rd period - Mathew Barzal wins face-off versus Pat Maroon in Senateurs zone.
7:41 of 3rd period - Mathew Barzal is hit by Pat Maroon.
7:46 of 3rd period - Off-side.
7:47 of 3rd period - Mathew Barzal wins face-off versus Pat Maroon in neutral zone.
7:50 of 3rd period - Shot by Nikolaj Ehlers.
7:50 of 3rd period - Shot Misses the Net.
7:52 of 3rd period - Shot by Mathew Barzal.
7:52 of 3rd period - Stopped by Keith Kinkaid without a rebound.
7:53 of 3rd period - Mathew Barzal wins face-off versus Pat Maroon in Rangers zone.
8:16 of 3rd period - Shot by Filip Hronek.
8:16 of 3rd period - Stopped by Keith Kinkaid without a rebound.
8:17 of 3rd period - Gabriel Vilardi wins face-off versus Mika Zibanejad in Rangers zone.
8:22 of 3rd period - Bowen Byram is hit by Patrick Kane and loses puck.
8:36 of 3rd period - Off-side.
8:37 of 3rd period - Mika Zibanejad wins face-off versus Trevor Zegras in neutral zone.
8:46 of 3rd period - Shot by Patrick Kane.
8:46 of 3rd period - Shot Misses the Net.
8:55 of 3rd period - Icing by Jordie Benn.
8:56 of 3rd period - Scott Laughton wins face-off versus Trevor Zegras in Rangers zone.
9:39 of 3rd period - Shot by Jake Guentzel.
9:39 of 3rd period - Stopped by Keith Kinkaid without a rebound.
9:40 of 3rd period - Kyle Turris wins face-off versus Mika Zibanejad in Rangers zone.
9:52 of 3rd period - Shot by Patrick Kane.
9:52 of 3rd period - Stopped by Keith Kinkaid without a rebound.
9:53 of 3rd period - Adam Lowry wins face-off versus Alex Chiasson in Rangers zone.
10:07 of 3rd period - Minor Penalty to Kevin Connauton for Tripping.
10:08 of 3rd period - Mika Zibanejad wins face-off versus Gabriel Vilardi in Rangers zone.
10:27 of 3rd period - Shot by Brent Burns.
10:27 of 3rd period - Goal by Brent Burns - Rangers : 4 - Senateurs : 4.
10:28 of 3rd period - Kyle Turris wins face-off versus Adam Lowry in neutral zone.
10:38 of 3rd period - Icing by Brandon Montour.
10:39 of 3rd period - Pierre-Luc Dubois wins face-off versus Adam Lowry in Senateurs zone.
10:42 of 3rd period - Shot by Pierre-Luc Dubois.
10:42 of 3rd period - Stopped by Jacob Markstrom without a rebound.
10:43 of 3rd period - Mika Zibanejad wins face-off versus Pierre-Luc Dubois in Senateurs zone.
10:56 of 3rd period - Minor Penalty to Nathan MacKinnon for Cross-checking.
10:57 of 3rd period - Adam Lowry wins face-off versus Pierre-Luc Dubois in Senateurs zone.
11:34 of 3rd period - Shot by Ryan Lindgren.
11:34 of 3rd period - Stopped by Jacob Markstrom without a rebound.
11:35 of 3rd period - Scott Laughton wins face-off versus Trevor Zegras in Senateurs zone.
11:46 of 3rd period - Shot by Kyle Turris.
11:46 of 3rd period - Shot Blocked by Adam Pelech.
11:48 of 3rd period - Shot by Kyle Turris.
11:48 of 3rd period - Stopped by Jacob Markstrom without a rebound.
11:49 of 3rd period - Pierre-Luc Dubois wins face-off versus Scott Laughton in Senateurs zone.
12:12 of 3rd period - Shot by Kyle Turris.
12:12 of 3rd period - Shot Misses the Net.
12:25 of 3rd period - Brandon Tanev is hit by Bowen Byram and loses puck.
12:38 of 3rd period - Shot by Brandon Tanev.
12:38 of 3rd period - Shot Misses the Net.
13:02 of 3rd period - Shot by Nathan MacKinnon.
13:02 of 3rd period - Shot Misses the Net.
13:04 of 3rd period - Shot by Mika Zibanejad.
13:04 of 3rd period - Deflect By Patrick Kane.
13:04 of 3rd period - Shot Blocked by Jordie Benn.
13:06 of 3rd period - Shot by Filip Hronek.
13:06 of 3rd period - Shot Misses the Net.
13:09 of 3rd period - Icing by Samuel Girard.
13:10 of 3rd period - Scott Laughton wins face-off versus Gabriel Vilardi in Rangers zone.
13:16 of 3rd period - Icing by Jordie Benn.
13:17 of 3rd period - Gabriel Vilardi wins face-off versus Mika Zibanejad in Rangers zone.
13:23 of 3rd period - Off-side.
13:24 of 3rd period - Kyle Turris wins face-off versus Mika Zibanejad in neutral zone.
13:45 of 3rd period - Icing by Jordie Benn.
13:46 of 3rd period - Kyle Turris wins face-off versus Adam Lowry in Rangers zone.
15:42 of 3rd period - Shot by Mathew Barzal.
15:42 of 3rd period - Shot Misses the Net.
15:58 of 3rd period - Jake Guentzel is hit by Alex Chiasson and loses puck.
16:25 of 3rd period - Shot by Patrick Kane.
16:25 of 3rd period - Stopped by Keith Kinkaid without a rebound.
16:26 of 3rd period - Pierre-Luc Dubois wins face-off versus Michael Bunting in Rangers zone.
16:26 of 3rd period - Pierre-Luc Dubois is hit by Paul Byron.
16:27 of 3rd period - Minor Penalty to Dustin Brown for High sticking.
16:28 of 3rd period - Scott Laughton wins face-off versus Pat Maroon in Senateurs zone.
17:38 of 3rd period - Kyle Turris is hit by Paul Byron.
18:02 of 3rd period - Shot by Pierre-Luc Dubois.
18:02 of 3rd period - Shot Misses the Net.
18:04 of 3rd period - Shot by Dylan Coghlan.
18:04 of 3rd period - Stopped by Jacob Markstrom with a rebound.
18:06 of 3rd period - Shot by Joel Kiviranta.
18:06 of 3rd period - Shot Misses the Net.
18:08 of 3rd period - Shot by Joel Kiviranta.
18:08 of 3rd period - Shot Misses the Net.
19:30 of 3rd period - Shot by Jeff Skinner.
19:30 of 3rd period - Shot Misses the Net.
19:37 of 3rd period - Icing by Michael Bunting.
19:38 of 3rd period - Michael Bunting wins face-off versus Kyle Turris in Senateurs zone.
Goals for this period are 0 for Rangers vs 1 for Senateurs.
Shots for this period are 7 for Rangers vs 13 for Senateurs.

Overtime #1


0:01 of 1st overtime period - Mika Zibanejad wins face-off versus Pierre-Luc Dubois in neutral zone.
0:10 of 1st overtime period - Shot by Nathan MacKinnon.
0:10 of 1st overtime period - Stopped by Keith Kinkaid without a rebound.
0:11 of 1st overtime period - Pierre-Luc Dubois wins face-off versus Mika Zibanejad in Rangers zone.
0:26 of 1st overtime period - Shot by Trevor Zegras.
0:26 of 1st overtime period - Shot Misses the Net.
0:28 of 1st overtime period - Shot by Trevor Zegras.
0:28 of 1st overtime period - Shot Misses the Net.
0:46 of 1st overtime period - Shot by Trevor Zegras.
0:46 of 1st overtime period - Stopped by Jacob Markstrom without a rebound.
0:47 of 1st overtime period - Mathew Barzal wins face-off versus Kyle Turris in Senateurs zone.
0:58 of 1st overtime period - Shot by Mathew Barzal.
0:58 of 1st overtime period - Stopped by Keith Kinkaid without a rebound.
0:59 of 1st overtime period - Mika Zibanejad wins face-off versus Pierre-Luc Dubois in Rangers zone.
1:51 of 1st overtime period - Icing by Jacob Trouba.
1:52 of 1st overtime period - Mathew Barzal wins face-off versus Kyle Turris in Senateurs zone.
2:31 of 1st overtime period - Shot by Ryan Reaves.
2:31 of 1st overtime period - Shot Misses the Net.
2:33 of 1st overtime period - Shot by Ryan Lindgren.
2:33 of 1st overtime period - Stopped by Jacob Markstrom without a rebound.
2:34 of 1st overtime period - Mika Zibanejad wins face-off versus Nils Hoglander in Senateurs zone.
3:05 of 1st overtime period - Shot by Brent Burns.
3:05 of 1st overtime period - Shot Blocked by Pat Maroon.
3:30 of 1st overtime period - Icing by Dylan Coghlan.
3:31 of 1st overtime period - Pierre-Luc Dubois wins face-off versus Mathew Barzal in Rangers zone.
3:31 of 1st overtime period - Trevor Zegras is hit by Mathew Barzal and loses puck.
4:56 of 1st overtime period - Shot by Brent Burns.
4:56 of 1st overtime period - Shot Misses the Net.
Goals for this period are 0 for Rangers vs 0 for Senateurs.
Shots for this period are 2 for Rangers vs 2 for Senateurs.

ShootOut


5:00 of 1st overtime period - Round #1.
5:00 of 1st overtime period - Rangers, Ryan Reaves.
5:00 of 1st overtime period - Stopped by Jacob Markstrom.
5:00 of 1st overtime period - Senateurs, Patrick Kane.
5:00 of 1st overtime period - Stopped by Keith Kinkaid.
5:00 of 1st overtime period - Round #2.
5:00 of 1st overtime period - Rangers, Pat Maroon.
5:00 of 1st overtime period - Stopped by Jacob Markstrom.
5:00 of 1st overtime period - Senateurs, Mathew Barzal.
5:00 of 1st overtime period - Stopped by Keith Kinkaid.
5:00 of 1st overtime period - Round #3.
5:00 of 1st overtime period - Rangers, Trevor Zegras.
5:00 of 1st overtime period - Shot Misses the Net.
5:00 of 1st overtime period - Senateurs, Nathan MacKinnon.
5:00 of 1st overtime period - Shot Misses the Net.
5:00 of 1st overtime period - Round #4.
5:00 of 1st overtime period - Rangers, Ryan Lindgren.
5:00 of 1st overtime period - Goal by Ryan Lindgren.
5:00 of 1st overtime period - Senateurs, Mika Zibanejad.
5:00 of 1st overtime period - Stopped by Keith Kinkaid.